 Dungeon Crawl Stone Soup version 0.17.0-24-gcfadda4 (console) character file.

1761 Kloppie the Cleaver (level 9, 0/82 HPs)
             Began as a Hill Orc Fighter on Nov 16, 2015.
             Was a Follower of Cheibriados.
             Slain by Blork the orc
             ... wielding a +2 scimitar of electrocution
              (20 damage)
             ... on level 6 of the Dungeon.
             The game lasted 00:08:18 (4917 turns).

Kloppie the Cleaver (Hill Orc Fighter)              Turns: 4917, Time: 00:08:18

Health: 0/82       AC: 14    Str: 21    XL:     9   Next: 7%
Magic:  9/9        EV:  5    Int: 13    God:    Cheibriados [*.....]
Gold:   296        SH:  0    Dex: 12    Spells: 0 memorised, 8 levels left

rFire  + . .     SeeInvis .     a - +0 war axe
rCold  + . .     Clarity  .     l - +0 chain mail
rNeg   . . .     SustAt   .     c - +0 shield
rPois  .         Gourm    .     (no helmet)
rElec  .         Spirit   .     o - +2 cloak
rCorr  .         Warding  .     (no gloves)
rMut   .         Stasis   .     (no boots)
MR     .....                    x - amulet of faith
Stlth  ..........               y - ring of protection from cold
                                n - ring of protection from fire

@: confused, very slow, not resistant to hostile enchantments, extremely
unstealthy
A: no striking features
a: Bend Time, Renounce Religion


You were on level 6 of the Dungeon.
You worshipped Cheibriados.
Cheibriados was aware of your devotion.
You were not hungry.

You visited 2 branches of the dungeon, and saw 7 of its levels.

You collected 296 gold pieces.

Inventory:

Hand Weapons
 a - a +0 war axe (weapon)
Missiles
 s - 14 poisoned needles
 C - 3 curare-tipped needles
Armour
 b - a +0 scale mail
 c - a +0 shield (worn)
 l - a +0 chain mail (worn)
 o - a +2 cloak (worn)
Jewellery
 n - a ring of protection from fire (left hand)
 w - an uncursed ring of positive energy
 x - an amulet of faith (around neck)
 y - a ring of protection from cold (right hand)
 F - an uncursed ring of magical power
 L - an uncursed amulet of warding {unknown}
Wands
 r - a wand of paralysis (15)
 z - a wand of frost (26)
 B - a wand of slowing (19)
 H - a wand of magic darts (27)
Scrolls
 f - 4 scrolls of identify {unknown}
 h - a scroll of remove curse {unknown}
 k - a scroll of teleportation {unknown}
 p - a scroll of fear {unknown}
 v - a scroll of fog {unknown}
 A - a scroll of immolation {unknown}
 D - a scroll of brand weapon {unknown}
 I - a scroll of enchant armour {unknown}
 M - a scroll of magic mapping {unknown}
Potions
 d - a potion of might
 g - a potion of magic {unknown}
 i - a potion of flight {unknown}
 m - 2 potions of invisibility {unknown}
 t - a potion of curing {unknown}
 u - a potion of lignification {unknown}
 E - 2 potions of haste {unknown}
 G - a potion of berserk rage {unknown}
Books
 J - Sif Muna's Reference Book on Ice
   (You found it on level 6 of the Dungeon)

   Spells                             Type                      Level
   a - Throw Frost                    Conjuration/Ice              2
   b - Ozocubu's Armour               Charms/Ice                   3
   c - Summon Ice Beast               Ice/Summoning                4
   d - Condensation Shield            Ice                          4
   e - Ozocubu's Refrigeration        Ice                          6
Comestibles
 e - 6 bread rations
 q - 4 meat rations
 K - 5 chunks of flesh


   Skills:
 + Level 8.5 Fighting
 + Level 8.9 Axes
 + Level 8.1 Armour
 - Level 3.2 Shields


You had 8 spell levels left.
You didn't know any spells.

Dungeon Overview and Level Annotations

Branches:
Dungeon (6/15)             Temple (1/1) D:4

Altars:
Cheibriados
Gozag
Makhleb
Nemelex Xobeh
Okawaru
Sif Muna
Trog
Vehumet
Yredelemnul
Zin
The Shining One

Annotations:
D:6 Blork the orc


Message History

You are more confused.
You miss something.
You hear a zap.
Something tries to affect you, but you resist.
You're too confused to move!
Something hits you but does no damage.
You hear a zap.
Something tries to affect you, but you resist.
You bump into the rock wall.
Something hits you but does no damage.
Drink which item? (? for menu, Esc to quit)
You feel much better.
You bump into the rock wall.
Something hits you but does no damage.
You are electrocuted!
* * * LOW HITPOINT WARNING * * *
You bump into the rock wall.
You hear a zap.
You are more confused.
You miss something. Something hits you.
* * * LOW HITPOINT WARNING * * *
You are electrocuted!
You die...

### ##...##.. .r. .(.....
#..#..).. ##..#....###..
#........... #....)...# #
#. #)#.# ##... # #..
#.#.#####...# #####
#.##.).{@......######....
##....#.#######.#......###
...........## ##...######
.#####...#..###....####
#..###.....#.....##
#####..###...####.##..#
#......)....#.........# #
#.###..####.#.........# #
#..# #....#####..# #


There were no monsters in sight!

Vanquished Creatures
  The ghost of Gargoyl the Skirmisher, a novice DsAK of Lugonu (D:5)
  The ghost of Gargoyl the Skirmisher, an amateur DsAK of Lugonu (D:4)
  Eustachio (D:4)
  A water moccasin (D:5)
  An ice beast (D:6)
  A sky beast (D:6)
  2 ogres
  A giant frog (D:6)
  2 scorpions
  3 wights (D:6)
  A hound (D:4)
  A jelly (D:6)
  An orc priest (D:6)
  An orc wizard (D:4)
  Jessica (D:3)
  Natasha (thrice) (D:4)
  2 worker ants (D:4)
  9 adders
  2 oozes (D:1)
  An adder skeleton (D:4)
  5 worms
  9 orcs
  3 bats
  10 goblins
  3 hobgoblins
  3 quokkas
  2 ball pythons
  9 giant cockroaches
  4 giant geckos
  A giant gecko skeleton (D:4)
  4 giant newts
  12 jackals
  8 kobolds
  A quokka skeleton (D:4)
  7 rats
117 creatures vanquished.

Notes
Turn   | Place    | Note
--------------------------------------------------------------
     0 | D:1      | Kloppie the Hill Orc Fighter began the quest for the Orb.
     0 | D:1      | Reached XP level 1. HP: 19/19 MP: 1/1
    46 | D:1      | Reached XP level 2. HP: 16/27 MP: 2/2
   173 | D:1      | Reached XP level 3. HP: 23/33 MP: 3/3
   799 | D:2      | Reached skill level 4 in Fighting
  1014 | D:2      | Reached XP level 4. HP: 40/40 MP: 4/4
  1878 | D:3      | Reached XP level 5. HP: 28/47 MP: 5/5
  2212 | D:3      | Noticed Jessica
  2221 | D:3      | Killed Jessica
  2510 | D:3      | Found an opulent altar of Gozag.
  2510 | D:3      | Found a deep blue altar of Sif Muna.
  2569 | D:4      | Noticed Natasha
  2597 | D:4      | Found a staircase to the Ecumenical Temple.
  2614 | D:4      | Noticed Gargoyl's ghost (amateur DsAK)
  2630 | Temple   | Entered the Ecumenical Temple
  2728 | D:4      | Killed Gargoyl's ghost
  2728 | D:4      | Reached skill level 5 in Fighting
  2728 | D:4      | Reached skill level 5 in Axes
  2728 | D:4      | Reached skill level 5 in Armour
  2728 | D:4      | Reached XP level 6. HP: 41/56 MP: 6/6
  2776 | D:4      | Noticed an ogre
  2785 | D:4      | Killed an ogre
  2785 | D:4      | Reached skill level 6 in Fighting
  2785 | D:4      | Reached XP level 7. HP: 28/63 MP: 7/7
  2799 | D:4      | Found an iron altar of Okawaru.
  2800 | D:4      | Noticed Eustachio
  2810 | D:4      | Killed Natasha
  2903 | D:4      | Killed Eustachio
  3071 | D:4      | Found a snail-covered altar of Cheibriados.
  3071 | D:4      | Noticed Natasha
  3087 | D:4      | Killed Natasha
  3130 | D:4      | Became a worshipper of Cheibriados the Contemplative
  3329 | D:4      | Noticed Natasha
  3333 | D:4      | Killed Natasha
  3506 | D:5      | Entered Level 5 of the Dungeon
  3683 | D:5      | Found a bloodstained altar of Trog.
  3688 | D:5      | Reached skill level 7 in Axes
  3688 | D:5      | Reached XP level 8. HP: 71/71 MP: 8/8
  3691 | D:5      | Noticed Gargoyl's ghost (novice DsAK)
  3701 | D:5      | Killed Gargoyl's ghost
  4701 | D:6      | Identified Sif Muna's Reference Book on Ice
  4738 | D:6      | Reached skill level 8 in Axes
  4802 | D:6      | Reached * piety under Cheibriados
  4864 | D:6      | Reached XP level 9. HP: 64/82 MP: 9/9
  4874 | D:6      | Noticed Blork the orc
  4917 | D:6      | Slain by Blork the orc

Action                   |  1- 3 |  4- 6 |  7- 9 || total
-------------------------+-------+-------+-------++-------
Melee: War axe           |    76 |   163 |   208 ||   447
  Use: Potion            |       |     1 |     2 ||     3
  Eat: Chunk             |       |     5 |     2 ||     7
       Pizza             |       |     1 |       ||     1
       Bread ration      |       |       |     1 ||     1
       Beef jerky        |       |       |     1 ||     1
